 Dungeon Crawl Stone Soup version 0.23.2-33-g5129a83184 (webtiles) character file.

Game seed: 16384306299347681052

57 colophon the Sneak (level 4, 0/25 HPs)
             Began as a Kobold Enchanter on July 22, 2019.
             Succumbed to an adder's poison
             ... on level 2 of the Dungeon.
             The game lasted 00:06:04 (1745 turns).

colophon the Sneak (Kobold Enchanter)               Turns: 1745, Time: 00:06:04

Health: 0/25       AC:  2    Str:  5    XL:     4   Next: 18%
Magic:  1/8        EV: 16    Int: 16    God:
Gold:   97         SH:  0    Dex: 16    Spells: 5/8 levels left

rFire    . . .     SeeInvis .   a - +1 dagger
rCold    . . .     Gourm    .   (shield restricted)
rNeg     . . .     Faith    .   b - +0 robe
rPois    .         Spirit   .   (no helmet)
rElec    .         Reflect  .   (no cloak)
rCorr    .         Harm     .   (no gloves)
MR       .....                  (no boots)
Stlth    +++.......             (no amulet)
HPRegen  0.08/turn              (no ring)
MPRegen  0.11/turn              (no ring)

@: lethally poisoned (0 -> -7), very slightly contaminated
A: small, carnivore
a: no special abilities


You were on level 2 of the Dungeon.
You were very full.

You visited 1 branch of the dungeon, and saw 2 of its levels.

You collected 97 gold pieces.

Inventory:

Hand Weapons
 a - a +1 dagger (weapon)
Armour
 b - a +0 robe (worn)
Scrolls
 e - 2 scrolls of remove curse {unknown}
 f - 3 scrolls of identify {unknown}
Potions
 c - 2 potions of curing {unknown}
 h - a potion of heal wounds {unknown}
 i - a potion of lignification {unknown}
Comestibles
 d - 2 rations
 g - a chunk of flesh


   Skills:
 + Level 1.5 Fighting
 + Level 2.4 Short Blades
 + Level 3.0 Dodging
 + Level 4.6 Stealth
 + Level 2.6 Spellcasting
 - Level 3.0 Hexes


You had 5 spell levels left.
You knew the following spells:

 Your Spells              Type           Power        Failure   Level  Hunger
a - Corona                Hex            ##.....      5%          1    #......
b - Ensorcelled Hibernat  Hex/Ice        #.....       16%         2    ##.....

Your spell library contained the following spells:

 Spells                   Type           Power        Failure   Level  Hunger
 Confuse                  Hex            ##......     17%         3    ###....
 Tukima's Dance           Hex            ##......     17%         3    ###....
 Dazzling Spray           Conj/Hex       #.....       30%         3    ###....


Dungeon Overview and Level Annotations

Branches:
Dungeon (2/15)

Altars:
Ashenzari


Innate Abilities, Weirdness & Mutations

You are small and have problems with some larger weapons.
You are carnivorous and can eat meat at any time.


Message History

You feel sick. The adder completely misses you.
You hit the adder.
The adder is severely wounded.
The adder bites you but does no damage.
You hit the adder.
The adder is almost dead.
* * * LOW HITPOINT WARNING * * *
You feel sick. The adder bites you.
* * * LOW HITPOINT WARNING * * *
You barely miss the adder.
The adder is almost dead.
The adder barely misses you. The adder bites you.
* * * LOW HITPOINT WARNING * * *
You hit the adder.
The adder is almost dead.
* * * LOW HITPOINT WARNING * * *
You feel sick. The adder closely misses you.
You hit the adder.
You kill the adder!
You die...

###################
#..................
##.################
#.# #.# #.# # #@#
####.##.#####
............#
###.###.###.#
#.....# #.#.#.#
#.#.#... # ..# ...
.## .....


There were no monsters in sight!

Vanquished Creatures
  An adder (D:2)
  4 dart slugs (D:1)
  A leopard gecko (D:1)
  2 giant cockroaches (D:1)
  3 goblins (D:1)
  2 hobgoblins (D:1)
  4 jackals (D:1)
  6 kobolds (D:1)
  6 bats (D:1)
  5 frilled lizards (D:1)
  3 rats (D:1)
37 creatures vanquished.

Notes
Turn   | Place    | Note
-------+----------+-------------------------------------------
     0 | D:1      | colophon the Kobold Enchanter began the quest for the Orb.
     0 | D:1      | Reached XP level 1. HP: 10/10 MP: 3/3
   506 | D:1      | Reached XP level 2. HP: 15/16 MP: 5/5
   510 | D:1      | Learned a level 2 spell: Ensorcelled Hibernation
   916 | D:1      | Reached skill level 1 in Fighting
   916 | D:1      | Reached XP level 3. HP: 20/20 MP: 6/6
  1580 | D:1      | Reached XP level 4. HP: 25/25 MP: 7/7
  1724 | D:2      | Found a shattered altar of Ashenzari.
  1743 | D:2      | HP: 1/25 [poisoned by an adder]
  1745 | D:2      | Succumbed to an adder's poison

Skill      XL: |  1  2  3 |
---------------+----------+-----
Short Blades   | 2 |  2.4
Fighting       | 1 |  1.5
Dodging        | 3 |  3.0
Stealth        | |  4.6
Spellcasting   | |  2.6
Hexes          | |  3.0

Action                   |  1- 3 |  4- 6 || total
-------------------------+-------+-------++-------
Melee: Dagger            |   130 |    12 ||   142
 Cast: Corona            |     4 |     1 ||     5
       Ensorcelled Hiber |    17 |     1 ||    18
 Stab: Sleeping          |    14 |       ||    14
  Eat: Chunk             |    12 |       ||    12
Armor: Robe              |    25 |     2 ||    27
Dodge: Dodged            |   118 |    10 ||   128
